 Dungeon Crawl Stone Soup version 0.26-a0-501-g5717042 (webtiles) character file.

Game seed: 9502756197198483501

682 Dorkslayer the Shield-Bearer (level 7, -7/60 HPs)
             Began as a Hill Orc Fighter on Aug 7, 2020.
             Killed from afar by an orc (44 damage)
             ... with an exploding inner flame
             ... hexed by the player character
             ... on level 5 of the Dungeon.
             The game lasted 00:17:50 (4072 turns).

Dorkslayer the Shield-Bearer (Hill Orc Fighter)     Turns: 4072, Time: 00:17:51

Health: -7/60      AC: 12    Str: 21    XL:     7   Next: 61%
Magic:  7/7        EV:  6    Int:  8    God:
Gold:   421        SH: 15    Dex: 10    Spells: 6/6 levels left

rFire    . . .     SeeInvis .   a - +0 long sword
rCold    . . .     Faith    .   c - +0 kite shield
rNeg     . . .     Spirit   .   p - +0 chain mail
rPois    .         Reflect  +   (no helmet)
rElec    .         Harm     .   d - +0 cloak
rCorr    .                      (no gloves)
MR       .....                  h - +0 pair of boots
Stlth    ..........             r - amulet of reflection
HPRegen  0.20/turn              i - ring of stealth
MPRegen  0.10/turn              q - ring of flight

@: no status effects
A: no striking features
a: Evoke Flight


You were on level 5 of the Dungeon.
You visited 1 branch of the dungeon, and saw 6 of its levels.

You collected 726 gold pieces.
You spent 305 gold pieces at shops.

Inventory:

Hand Weapons
 a - a +0 long sword (weapon)
Missiles
 m - 4 silver javelins (quivered)
 n - 2 boomerangs
Armour
 c - a +0 kite shield (worn)
 d - a +0 cloak (worn)
 h - a +0 pair of boots (worn)
 p - a +0 chain mail (worn)
Jewellery
 i - a ring of stealth (left hand)
 q - a ring of flight (right hand)
 r - an amulet of reflection (around neck)
Wands
 v - a wand of flame (21)
Scrolls
 b - 2 scrolls of remove curse
 g - a scroll of fog
 l - 5 scrolls of amnesia
 s - a scroll of random uselessness
 y - a scroll of enchant weapon {unknown}
Potions
 e - 3 potions of resistance
 f - 2 potions of flight
 j - 3 potions of curing
 k - 4 potions of mutation
 o - 2 potions of cancellation
 u - a potion of might
 w - a potion of heal wounds {unknown}
 x - a potion of brilliance {unknown}


   Skills:
 + Level 4.7 Fighting
 + Level 5.6 Long Blades
 + Level 4.6 Armour
 + Level 1.2 Dodging
 + Level 0.1 Stealth
 + Level 5.7 Shields
 * Level 1.6 Evocations


You had 6 spell levels left.
You didn't know any spells.
Your spell library was empty.

Dungeon Overview and Level Annotations

Branches:
Dungeon (6/15)             Temple (0/1) D:4

Altars:
Fedhas
Vehumet

Shops:
D:5 *


Message History

The orc wizard is healed somewhat.
The orc wizard is engulfed in blazing flames.
The orc wizard explodes!
The fiery explosion engulfs the orc priest!!
The orc priest explodes!
The orc hits you but does no damage. You block the giant cockroach's attack.
The orc closely misses you. The giant cockroach bites you.
The orc hits you but does no damage.
You climb upwards.
There is a stone staircase leading down here.
You closely miss the orc. You block the orc's attack.
The giant cockroach barely misses you. The orc hits you but does no damage.
You block the orc's attack. You block the giant cockroach's attack.
You slash the giant cockroach!
The giant cockroach explodes!
The fiery explosion engulfs the orc!!!
The orc explodes!
The fiery explosion engulfs you!!!
Ouch! That really hurt!
You die...

######## ### #......# ##### ###.#
# #......# ### #...####....
#####.....## #.## ##....##.....
..#..<....## ###..###.....###....
...........# #....##.....####....
...##..##.## ##§@##........##....
.......#...####§.o.....#...##....
.....####....##§§§...###.....#...
....##.#.........................
..........#......................
.###..........##.................
........#...#..##................
.......##..##.....>........##....
.......##.....>............##....


You could see an orc (inner flame).

Vanquished Creatures
  A centaur (D:5)
  A scorpion (D:4)
  A centaur zombie (D:5)
  Crazy Yiuf (D:2)
  An orc priest (D:6)
  4 orc wizards
  An iguana (D:5)
  2 worker ants
  A hound skeleton (D:2)
  Robin (D:3)
  3 gnolls (D:4)
  7 adders
  An adder zombie (D:4)
  2 oozes
  An adder skeleton (D:4)
  4 worms
  4 dart slugs
  2 leopard geckos (D:3)
  18 orcs
  6 bats
  5 giant cockroaches
  16 goblins
  9 hobgoblins
  8 jackals
  6 kobolds
  3 quokkas
  5 frilled lizards
  4 rats
118 creatures vanquished.

Notes
Turn   | Place    | Note
-------+----------+-------------------------------------------
     0 | D:1      | Dorkslayer the Hill Orc Fighter began the quest for the
                  | Orb.
     0 | D:1      | Reached XP level 1. HP: 19/19 MP: 1/1
   104 | D:1      | Reached XP level 2. HP: 26/27 MP: 2/2
   700 | D:2      | Reached XP level 3. HP: 33/33 MP: 3/3
  1146 | D:2      | Reached XP level 4. HP: 33/40 MP: 4/4
  1428 | D:2      | Found a faded altar of an unknown god.
  1576 | D:2      | Found a runed translucent door.
  1577 | D:2      | Noticed Crazy Yiuf
  1589 | D:2      | Killed Crazy Yiuf
  1589 | D:2      | Reached XP level 5. HP: 5/46 MP: 5/5
  1836 | D:3      | Found a radiant altar of Vehumet.
  1901 | D:3      | Noticed Robin
  1932 | D:3      | Killed Robin
  2012 | D:3      | Reached skill level 1 in Dodging
  2030 | D:3      | Reached XP level 6. HP: 35/52 MP: 6/6
  2525 | D:4      | Reached skill level 5 in Shields
  2975 | D:4      | Found a staircase to the Ecumenical Temple.
  3411 | D:5      | Entered Level 5 of the Dungeon
  3414 | D:5      | Identified a scroll of acquirement
  3414 | D:5      | Acquired 450 gold pieces
  3438 | D:5      | Got a polished buckler
  3489 | D:5      | Identified the +0 buckler of the Blessed Realm {rElec Str+3
                  | Dex-4} (You found it on level 5 of the Dungeon)
  3562 | D:5      | Reached skill level 5 in Long Blades
  3562 | D:5      | Reached XP level 7. HP: 60/60 MP: 7/7
  3563 | D:5      | Found Wauwnuoce's General Store.
  3571 | D:5      | Bought a potion of might for 52 gold pieces
  3571 | D:5      | Bought a wand of flame (21) for 149 gold pieces
  3571 | D:5      | Bought a potion of mutation for 104 gold pieces
  3655 | D:5      | Found a blossoming altar of Fedhas.
  3819 | D:5      | Reached skill level 1 in Evocations
  4072 | D:5      | Killed from afar by an orc

Illustrated notes

Levels and vault maps discovered:
D:1:      lemuel_arrival_lava_pool, layout_loops_ring
D:2:      minmay_skewed_foursquare, layout_loops_corners,
          chequers_ecumenical_altar_twisty, uniq_crazy_yiuf_cottage
D:3:      minmay_recursive_quarters, layout_loops_ring, lemuel_doored_altar,
          minmay_misc_feat_four_crosses, st_stairs_6, uniq_robin
D:4:      layout_loops_corners, minmay_temple_entry_hall
D:5:      layout_cave_pools, fedhas_bush_and_centaur_altar, serial_shops,
          nicolae_shop_trees
D:6:      layout_gridville, marbit_many_paths, basic_altar, ashenzari_altar_1,
          uniq_grinder, uniq_duvessa

Skill      XL: |  1  2  3  4  5  6  7 |
---------------+----------------------+-----
Fighting       | 4 |  4.7
Long Blades    | 3 4 5 |  5.6
Armour         | 4 |  4.6
Shields        | 4 5 |  5.7
Dodging        | 1 |  1.2
Evocations     | 1 |  1.6
Stealth        | |  0.1

Action                   |  1- 3 |  4- 6 |  7- 9 || total
-------------------------+-------+-------+-------++-------
Melee: Long sword        |   114 |   296 |    30 ||   440
Throw: Javelin           |       |       |     2 ||     2
       Boomerang         |       |       |     1 ||     1
  Use: Potion            |     2 |     2 |       ||     4
       Scroll            |     1 |    11 |     2 ||    14
 Stab: Invisible         |       |     1 |       ||     1
Armor: Scale mail        |    60 |    47 |       ||   107
       Chain mail        |       |    94 |     9 ||   103
Dodge: Dodged            |    28 |    73 |     6 ||   107
Block: Kite shield       |    74 |   254 |    25 ||   353
       Reflection        |       |    10 |     5 ||    15
       Buckler           |       |     6 |     3 ||     9
       Rpst.: Long sword |    12 |    30 |       ||    42

Table legend: (Time is in decaauts)
 A = Elapsed time spent in this place.
 B = Non-inter-level travel time spent in this place.
 C = Inter-level travel time spent in this place.
 D = Time resting spent in this place.
 E = Time spent auto-exploring this place.
 F = Levels seen in this place.
 G = Mean time per level.
                   A        B        C        D        E       F      G
               +--------+--------+--------+--------+--------+-----+--------+
         Total |   4213 |   4213 |      0 |    148 |    553 |   6 |  702.2 |
       Dungeon |   4213 |   4213 |      0 |    148 |    553 |   6 |  702.2 |
               +--------+--------+--------+--------+--------+-----+--------+

Top non-repeatable levels by time:
     D:2: 1189 daAuts
     D:4: 953 daAuts
     D:3: 791 daAuts
     D:5: 669 daAuts
     D:1: 603 daAuts
     D:6: 6 daAuts
